 Dungeon Crawl Stone Soup version 0.26.1-11-gd32895ea62 (webtiles) character file.

Game seed: 2576160342248681144

133 Zeld the Twirler (level 5, 0/34 HPs)
             Began as an Octopode Gladiator on May 19, 2021.
             Succumbed to a kobold's poison
             ... in a sewer.
             The game lasted 00:02:11 (2967 turns).

Zeld the Twirler (Octopode Gladiator)               Turns: 2967, Time: 00:02:11

Health: 0/34       AC:  1    Str: 12 (14) XL:     5   Next: 16%
Magic:  5/5        EV: 14    Int:  9 (10) God:
Gold:   102        SH:  0    Dex: 12 (14) Spells: 4/4 levels left

rFire    . . .     SeeInvis .   a - +0 quarterstaff
rCold    . . .     Faith    .   (shield currently unavailable)
rNeg     . . .     Spirit   .   b - +0 hat
rPois    .         Reflect  .   (no amulet)
rElec    .         Harm     .   (no ring)
rCorr    .         Rampage  .   (no ring)
Will     .....                  (no ring)
Stlth    ++........             (no ring)
HPRegen  0.11/turn              (no ring)
MPRegen  0.09/turn              (no ring)
                                (no ring)
                                (no ring)

@: lethally poisoned (0 -> -4), attractive
A: almost no armour, stealthy swim, amphibious, 8 rings, constrict 8, camouflage
1, gelatinous body 1
a: no special abilities


You were in a sewer.
You visited 1 branch of the dungeon, and saw 3 of its levels.
You also visited: Sewer.

You collected 102 gold pieces.

Inventory:

Hand Weapons
 a - a +0 quarterstaff (weapon)
Missiles
 c - 3 throwing nets (quivered)
Armour
 b - a +0 hat (worn)
Jewellery
 f - an uncursed ring of ice {unknown}
 g - an uncursed amulet of the acrobat {unknown}
Scrolls
 e - 2 scrolls of identify {unknown}
 h - 3 scrolls of enchant weapon {unknown}
 j - a scroll of remove curse {unknown}
Potions
 k - a potion of curing {unknown}


   Skills:
 - Level 2.0 Fighting
 * Level 4.5 Staves
 * Level 3.9 Throwing
 - Level 3.0 Dodging


You had 4 spell levels left.
You didn't know any spells.
Your spell library was empty.

Dungeon Overview and Level Annotations

Branches:
Dungeon (3/15)              Sewer (1/1)

Altars:


Innate Abilities, Weirdness & Mutations

You cannot wear most types of armour.
You are very stealthy in the water. (Stealth+)
You are amphibious.
You can wear up to eight rings at the same time.
You can use your tentacles to constrict eight enemies at once.
Your skin changes colour to match your surroundings (Stealth+).
Your rubbery body absorbs attacks. (AC +1, EV +1)


Message History

You are too injured to fight recklessly!
You are too injured to fight recklessly!
Unknown command.
You are too injured to fight recklessly!
You sock the kobold!
You kill the kobold!
You feel sick.
The kobold hits you with a +0 short sword.
* * * LOW HITPOINT WARNING * * *
You closely miss the kobold. Your grab misses the kobold.
The kobold hits you with a +0 short sword.
* * * LOW HITPOINT WARNING * * *
It was a potion of degeneration.
There was something very wrong with that liquid.
You feel weakened.
You feel dopey.
You feel clumsy. The kobold hits you but does no damage.
Unknown command.
It was a potion of attraction.
You feel attractive to monsters.
You die...

###########
#....#....####
#.∩∩.#........
#....#))..#
###..#@K##
#.......#
#≈≈≈≈≈≈≈≈≈≈≈≈≈≈
####...≈(..####
####≈#### #.#
#≈# .≈. ..≈


You could see a kobold.

Vanquished Creatures
  A worker ant (D:2)
  3 adders (D:2)
  3 worms (D:2)
  2 dart slugs
  5 leopard geckos
  2 orcs (D:3)
  11 bats
  4 giant cockroaches
  10 goblins
  7 hobgoblins
  2 jackals (Sewer)
  6 frilled lizards
  4 kobolds
  4 rats
64 creatures vanquished.

Notes
Turn   | Place    | Note
-------+----------+-------------------------------------------
     0 | D:1      | Zeld the Octopode Gladiator began the quest for the Orb.
     0 | D:1      | Reached XP level 1. HP: 14/14 MP: 1/1
   289 | D:1      | Reached XP level 2. HP: 15/19 MP: 2/2
   666 | D:1      | Reached XP level 3. HP: 24/24 MP: 3/3
  1543 | D:2      | Reached skill level 4 in Staves
  1543 | D:2      | Reached XP level 4. HP: 29/29 MP: 4/4
  2691 | D:2      | Reached XP level 5. HP: 34/34 MP: 5/5
  2935 | D:3      | Found a glowing drain.
  2950 | Sewer    | Entered a sewer
  2965 | Sewer    | HP: 1/34 [kobold/+0 short sword (6)]
  2967 | Sewer    | Succumbed to a kobold's poison

Illustrated notes

Levels and vault maps discovered:
D:1:      tarquinn_simple_flora_water_e, layout_basic
D:2:      layout_loops_corners
D:3:      layout_loops_ring, lemuel_coloured_pillars_altar,
          lemuel_crystal_altar, lemuel_crystal_altar, portal_sewer_entry_f
Sewer:    sewer_the_moccasin

Skill      XL: |  1  2  3 |
---------------+----------+-----
Throwing       | 3 |  3.9
Staves         | 4 |  4.5
Fighting       | |  2.0
Dodging        | |  3.0

Action                   |  1- 3 |  4- 6 || total
-------------------------+-------+-------++-------
Melee: Quarterstaff      |    61 |    54 ||   115
       Constrict         |    15 |    15 ||    30
       Tentacles         |     8 |     8 ||    16
  Use: Potion            |       |     2 ||     2
 Stab: Sleeping          |     4 |     5 ||     9
Armor: Skin              |     2 |     7 ||     9
Dodge: Dodged            |    49 |    38 ||    87
